Get step-by-step instructions on how to execute this build order below. Start the game timer, and the build order will tick by so you can play in parallel with StarCraft on a second screen or mobile device.

Game Time

  0:00

Last Step

  N/A

Next Step

Upcoming Step



Don't want to look back and forth between 2 screens? Try out our Overwolf App, the Spawning Tool Build Advisor to get an in-game overlay with this build!

Complete Build Order

  12  0:04  Probe (Chrono Boost)  
  14  0:21  Probe (Chrono Boost)  
  14  0:24  Pylon  
  14  0:38  Probe (Chrono Boost)  
  15  0:55  Probe (Chrono Boost)  
  15  0:56  Gateway  
  17  1:12  Probe (Chrono Boost)  
  17  1:28  Assimilator  
  17  1:29  Probe (Chrono Boost)  
  18  1:46  Probe (Chrono Boost)